 Dungeon Crawl Stone Soup version 0.20-a0-848-g73d9be0 (webtiles) character file.

179 krabocopter the Cudgeler (level 5, -4/64 HPs)
             Began as a Demonspawn Gladiator on Mar 9, 2017.
             Killed by nerve-wracking pain
             ... invoked by Grinder
              (12 damage)
             ... on level 3 of the Dungeon.
             The game lasted 00:07:54 (2188 turns).

krabocopter the Cudgeler (Demonspawn Gladiator)     Turns: 2188, Time: 00:07:55

Health: -4/64      AC:  7    Str: 20    XL:     5   Next: 32%
Magic:  5/5        EV: 12    Int:  9    God:
Gold:   156        SH:  3    Dex: 15    Spells: 4/4 levels left

rFire    . . .     SeeInvis .   a - +0 flail
rCold    . . .     Gourm    .   b - +0 leather armour
rNeg     . . .     Faith    .   l - +0 buckler
rPois    .         Spirit   .   c - +0 helmet
rElec    .         Reflect  .   (no cloak)
rCorr    .         Harm     .   (no gloves)
MR       .....                  i - +0 pair of boots (curse)
Stlth    ..........             (no amulet)
Regen    0.2/turn               (no ring)
MPRegen  0.1/turn               (no ring)

@: berserking, flying, very quick
A: claws 1, rugged brown scales 2, nightstalker 1
a: no special abilities


You were on level 3 of the Dungeon.
You were not hungry.

You visited 1 branch of the dungeon, and saw 3 of its levels.

You collected 156 gold pieces.

Inventory:

Hand Weapons
 a - a +0 flail (weapon)
Missiles
 d - 3 throwing nets (quivered)
Armour
 b - a +0 leather armour (worn)
 c - a +0 helmet (worn)
 i - a cursed +0 pair of boots (worn)
 l - a +0 buckler (worn)
Scrolls
 h - a scroll of amnesia {unknown}
 j - a scroll of remove curse {unknown}
 k - a scroll of immolation {unknown}
 m - a scroll of teleportation {unknown}
 s - a scroll of random uselessness {unknown}
 t - a scroll of blinking {unknown}
 u - a scroll of enchant weapon {unknown}
Potions
 n - a potion of lignification {unknown}
 o - a potion of magic {unknown}
 p - a potion of invisibility {unknown}
 q - a potion of curing {unknown}
Books
 e - a book of Misfortune

   Spells                             Type                      Level
   a - Confusing Touch                Hexes                        1
   b - Confuse                        Hexes                        3
   c - Gell's Gravitas                Translocation                3
   d - Petrify                        Transmutation/Earth          4
   e - Metabolic Englaciation         Hexes/Ice                    5
   f - Yara's Violent Unravelling     Hexes/Transmutation          5
Comestibles
 f - 4 bread rations
 r - 2 meat rations


   Skills:
 + Level 3.5 Fighting
 * Level 4.7 Maces & Flails
 - Level 1.7 Throwing
 - Level 2.6 Dodging


You had 4 spell levels left.
You didn't know any spells.

Dungeon Overview and Level Annotations

Branches:
Dungeon (3/15)

Altars:

Annotations:
D:3 Grinder


Innate Abilities, Weirdness & Mutations

You have sharp fingernails.
You are mostly covered in rugged brown scales. (AC +2, +5% HP)
You are slightly more attuned to the shadows.


Message History

It was a potion of berserk rage.
A red film seems to cover your vision as you go berserk!
You feel yourself moving faster!
You feel mighty! Grinder hits you.
* * * LOW HITPOINT WARNING * * *
You now have 13/64 hp.
You closely miss Grinder. You closely miss Grinder. Grinder closely misses you.
You sock Grinder!
Grinder grins, showing sharp teeth.
Grinder barely misses you.
You barely miss Grinder. Grinder hits you.
* * * LOW HITPOINT WARNING * * *
You writhe in agony.
* * * LOW HITPOINT WARNING * * *
You take 6 damage, and have 8/64 hp.
You closely miss Grinder. You sock Grinder! Grinder gestures at you.
Pain shoots through your body!
You die...

# .# ######## .#
...))..####.#####
....[.....>......
######..........# #
### ####>..###.# .#
.....###...####.##..#
####.....#......@5..#
####...###.........
## ##.## #..##.####
.# #.# #..# .# .# #.#
#..# . .# #.# #..# ##
.# #.# #..# .# #.# .#
#.#


You could see Grinder.

Vanquished Creatures
  The ghost of Voxish the Shooter, an amateur CeHu (D:3)
  An adder (D:2)
  3 worms
  3 dart slugs
  A leopard gecko (D:1)
  9 orcs (D:3)
  A ball python (D:1)
  3 giant cockroaches
  3 goblins
  7 hobgoblins
  3 jackals (D:2)
  3 quokkas (D:2)
  3 bats
  2 frilled lizards
  10 kobolds
  3 rats
56 creatures vanquished.

Notes
Turn   | Place    | Note
-------+----------+-------------------------------------------
     0 | D:1      | krabocopter the Demonspawn Gladiator began the quest for the Orb.
     0 | D:1      | Reached XP level 1. HP: 16/16 MP: 1/1
   295 | D:1      | Reached skill level 3 in Maces & Flails
   317 | D:1      | Gained mutation: You are partially covered in rugged brown scales. (AC +1, +3% HP) [demonic ancestry]
   317 | D:1      | Reached XP level 2. HP: 12/22 MP: 2/2
  1279 | D:2      | Gained mutation: You are slightly more attuned to the shadows. [demonic ancestry]
  1279 | D:2      | Reached XP level 3. HP: 28/28 MP: 3/3
  1487 | D:2      | Reached skill level 4 in Maces & Flails
  1850 | D:3      | Gained mutation: You have sharp fingernails. [demonic ancestry]
  1850 | D:3      | Reached XP level 4. HP: 35/35 MP: 4/4
  1983 | D:3      | Noticed Voxish's ghost (amateur CeHu)
  2002 | D:3      | Killed Voxish's ghost
  2002 | D:3      | Gained mutation: You are mostly covered in rugged brown scales. (AC +2, +5% HP) [demonic ancestry]
  2002 | D:3      | Reached XP level 5. HP: 32/43 MP: 5/5
  2174 | D:3      | Noticed Grinder
  2188 | D:3      | Killed from afar by Grinder

Vault maps used:
D:1:      lemuel_arrival_hallway, minmay_cupped
D:2:      first_bread, roderic_bipointed_swastika
D:3:      lemuel_crystal_altar, uniq_grinder

Skill      XL: |  1  2  3  4 |
---------------+-------------+-----
Maces & Flails | 3 4 |  4.7
Fighting       | 3 |  3.5
Throwing       | |  1.7
Dodging        | |  2.6

Action                   |  1- 3 |  4- 6 || total
-------------------------+-------+-------++-------
Melee: Flail             |   143 |    70 ||   213
  Use: Potion            |       |     4 ||     4
 Stab: Sleeping          |     4 |     1 ||     5
  Eat: Chunk             |     3 |     1 ||     4
Armor: Leather armour    |    41 |     9 ||    50
Dodge: Dodged            |    85 |    50 ||   135
Block: Buckler           |    24 |     8 ||    32
